 Dungeon Crawl Stone Soup version 0.22.1-1-ga44c0e56f4 (webtiles) character file.

25 Gargoyl the Skirmisher (level 2, -2/26 HPs)
             Began as a Centaur Abyssal Knight on Sept 27, 2018.
             Was a Follower of Lugonu.
             Slain by an adder (4 damage)
             ... on level 2 of the Dungeon.
             The game lasted 00:01:56 (1029 turns).

Gargoyl the Skirmisher (Centaur Abyssal Knight)     Turns: 1029, Time: 00:01:57

Health: -2/26      AC:  6    Str: 14    XL:     2   Next: 82%
Magic:  3/3        EV:  8    Int: 11    God:    Lugonu [*.....]
Gold:   85         SH:  0    Dex:  8    Spells: 1/1 levels left

rFire    . . .     SeeInvis .   a - +1 hand axe
rCold    . . .     Gourm    .   (no shield)
rNeg     . . .     Faith    .   h - +0 ring mail
rPois    .         Spirit   .   (no helmet)
rElec    .         Reflect  .   (no cloak)
rCorr    .         Harm     .   f - +0 pair of gloves
MR       .....     Rnd*Tele +   (no barding)
Stlth    ..........             (no amulet)
HPRegen  0.08/turn              (no ring)
MPRegen  0.08/turn              (no ring)

@: lethally poisoned (-2 -> -10), flying, very quick
A: large, hooves 3, deformed body, speed 2, [teleportitis 2], tough skin 3
a: Depart the Abyss, Renounce Religion


You were on level 2 of the Dungeon.
You worshipped Lugonu.
Lugonu was aware of your devotion.
You were not hungry.

You visited 1 branch of the dungeon, and saw 2 of its levels.
You visited the Abyss 1 time.

You collected 85 gold pieces.

Inventory:

Hand Weapons
 a - a +1 hand axe (weapon)
Armour
 f - a +0 pair of gloves (worn)
 h - a +0 ring mail (worn)
Jewellery
 d - an uncursed ring of protection from cold {unknown}
Scrolls
 b - a scroll of remove curse
 g - a scroll of fear {unknown}
 i - 2 scrolls of identify {unknown}
Potions
 j - a potion of might
Comestibles
 c - a ration


   Skills:
 + Level 3.5 Fighting
 + Level 2.2 Axes
 + Level 1.5 Armour
 + Level 0.6 Dodging
 + Level 0.1 Stealth
 + Level 2.0 Invocations


You had one spell level left.
You didn't know any spells.
Your spell library was empty.

Dungeon Overview and Level Annotations

Branches:
Dungeon (2/15)

Altars:


Innate Abilities, Weirdness & Mutations

You have hooves in place of feet.
Armour fits poorly on your strangely shaped body.
You cover ground very quickly.
You have extremely tough skin. (AC +3)
[You are sometimes teleported next to monsters.]


Message History

* * * LOW HITPOINT WARNING * * *
You feel sick. The adder barely misses you.
You closely miss the adder. Your kick misses the adder.
The adder is almost dead.
* * * LOW HITPOINT WARNING * * *
You feel sick. The adder completely misses you.
Unknown command.
You closely miss the adder.
The adder is almost dead.
You closely miss the rat. The adder bites you but does no damage.
The rat bites you but does no damage. The adder barely misses you.
The rat bites you.
* * * LOW HITPOINT WARNING * * *
Unknown command.
You closely miss the adder. Your kick misses the adder.
The adder is almost dead.
You hit the rat.
* * * LOW HITPOINT WARNING * * *
You feel sick. The adder bites you.
You die...

..... ##..#.# #
#........
#..#.#.#.
##........
##....#.#.#
#..Sr......
#..@...#.#.
#...)......
#<......#.#
#.............
[..P.#.........#.
...#.............
.. #.##......#..#
#. ##.#.#...#. .
#.#..##..


You could see an adder and a rat.

Vanquished Creatures
  3 goblins (D:1)
  5 hobgoblins
  2 jackals (D:1)
  3 bats (D:1)
  A frilled lizard (D:1)
  6 kobolds (D:1)
  3 rats (D:1)
23 creatures vanquished.

Notes
Turn   | Place    | Note
-------+----------+-------------------------------------------
     0 | Abyss:1  | Gargoyl the Centaur Abyssal Knight began the quest for the
                  | Orb.
     0 | Abyss:1  | Reached XP level 1. HP: 19/19 MP: 2/2
    62 | Abyss:2  | Noticed a green ugly thing
    65 | Abyss:2  | Noticed a wretched star
   122 | Abyss:3  | Noticed a chaos spawn
   128 | D:1      | Escaped the Abyss
   370 | D:1      | Reached XP level 2. HP: 15/26 MP: 3/3
   600 | D:1      | Reached * piety under Lugonu
  1029 | D:2      | Slain by an adder

Skill      XL: |  1  2 |
---------------+-------+-----
Axes           | 2 |  2.2
Fighting       | |  3.5
Armour         | |  1.5
Dodging        | |  0.6
Stealth        | |  0.1
Invocations    | |  2.0

Action                   || total
-------------------------++-------
Melee: Hand axe          ||    59
       Kick              ||     1
Invok: Depart the Abyss  ||     1
  Use: Potion            ||     3
       Scroll            ||     1
Armor: Leather armour    ||     9
       Ring mail         ||    32
Dodge: Dodged            ||    41
